SAAA
TORTOLITA DRUMMERS @ TREMONT DOUBLEDAYS
07/17/2021
 
TOP OF THE 1ST
Tortolita Drummers batting - Pitching for Tremont Doubledays : RHP Jim Unknown
Pitching: RHP Jim Unknown
Batting: RHB Jim Harris 0-0: Swinging Strike
0-1: Ball
1-1: Swinging Strike
1-2: Ball
2-2: Ball
3-2: Fly out, F4 (Line Drive, 4)
Batting: RHB Ron Humboldt 0-0: Ball
1-0: Called Strike
1-1: Ball
2-1: Foul Ball, location: 2F
2-2: Fly out, F3 (Popup, 13S)
Batting: LHB Keith Spear 0-0: Ball
1-0: Ball
2-0: Ball
3-0: Called Strike
3-1: Ground out U3 (Groundball, 3S)
Top of the 1st over - 0 run(s), 0 hit(s), 0 error(s), 0 left on base; Tortolita 0 - Tremont 0
BOTTOM OF THE 1ST
Tremont Doubledays batting - Pitching for Tortolita Drummers : RHP Curt Pennington
Pitching: RHP Curt Pennington
Batting: LHB Scott Britt 0-0: Called Strike
0-1: Ball
1-1: Swinging Strike
1-2: Ball
2-2: Foul Ball, location: 2F
2-2: Foul Ball, location: 2F
2-2: Ball
3-2: Base on Balls
Batting: RHB Jim Unknown 0-0: Foul Ball, location: 2F
0-1: Ball
1-1: Ball
2-1: Ball
3-1: Fly out, F2 (Popup, 3SF)
Batting: SHB Todd Hill 0-0: Ball
1-0: Foul Ball, location: 2F
1-1: Ball
2-1: Ball
3-1: DOUBLE (Line Drive, 9D)
Scott Britt to third
Batting: LHB Eric Ward 0-0: Ball
1-0: Ball
2-0: Ball
3-0: Base on Balls
Batting: RHB Cory Hansen 0-0: Ball
1-0: Ball
2-0: Foul Ball, location: 2F
2-1: SINGLE (Groundball, 56D)
Scott Britt scores
Todd Hill to third
Eric Ward to second
Runner from 3rd tries for Home, throw and OUT!
Batting: RHB Jim Unknown 0-0: Swinging Strike
0-1: Ball
1-1: Ball
2-1: Fly out, F8 (Flyball, 8LXD)
Bottom of the 1st over - 1 run(s), 2 hit(s), 0 error(s), 2 left on base; Tortolita 0 - Tremont 1
TOP OF THE 2ND
Tortolita Drummers batting - Pitching for Tremont Doubledays : RHP Jim Unknown
Batting: LHB Raúl Andrade 0-0: Called Strike
0-1: Ball
1-1: Foul Ball, location: 2F
1-2: Ball
2-2: Foul Ball, location: 2F
2-2: Foul Ball, location: 2F
2-2: Ground out 4-3 (Groundball, 4)
Batting: SHB Robby Day 0-0: Called Strike
0-1: Foul Ball, location: 2F
0-2: Ball
1-2: Strikes out swinging
Batting: SHB Omar Gutiérrez 0-0: Ball
1-0: Foul Ball, location: 2F
1-1: DOUBLE (Groundball, 3L)
Batting: RHB Dan Lewis 0-0: Ball
1-0: Called Strike
1-1: Called Strike
1-2: Foul Ball, location: 2F
1-2: Ball
2-2: Foul Ball, location: 2F
2-2: Foul Ball, location: 2F
2-2: Strikes out looking
Top of the 2nd over - 0 run(s), 1 hit(s), 0 error(s), 1 left on base; Tortolita 0 - Tremont 1
BOTTOM OF THE 2ND
Tremont Doubledays batting - Pitching for Tortolita Drummers : RHP Curt Pennington
Batting: RHB Jim Unknown 0-0: Ball
1-0: Ball
2-0: Ball
3-0: Called Strike
3-1: Swinging Strike
3-2: Strikes out swinging
Batting: RHB Jim Unknown 0-0: Called Strike
0-1: Ball
1-1: Foul Ball, location: 2F
1-2: Ground out 6-3 (Groundball, 6M)
Batting: LHB Jim Unknown 0-0: Ball
1-0: Ball
2-0: Ball
3-0: Called Strike
3-1: Base on Balls
Batting: LHB Scott Britt 0-0: Ball
1-0: Swinging Strike
1-1: Fielders Choice at 2nd, U4 (Groundball, 4M)
Bottom of the 2nd over - 0 run(s), 0 hit(s), 0 error(s), 1 left on base; Tortolita 0 - Tremont 1
TOP OF THE 3RD
Tortolita Drummers batting - Pitching for Tremont Doubledays : RHP Jim Unknown
Batting: RHB Robert Bailey 0-0: Foul Ball, location: 2F
0-1: Ball
1-1: Swinging Strike
1-2: Ball
2-2: Fly out, F7 (Line Drive, 78M)
Batting: RHB Ray Whittier 0-0: Foul Ball, location: 2F
0-1: Swinging Strike
0-2: Ground out 6-3 (Groundball, 6M)
Batting: RHB Jim Harris 0-0: Ground out 6-3 (Groundball, 6)
Top of the 3rd over - 0 run(s), 0 hit(s), 0 error(s), 0 left on base; Tortolita 0 - Tremont 1
BOTTOM OF THE 3RD
Tremont Doubledays batting - Pitching for Tortolita Drummers : RHP Curt Pennington
Batting: RHB Jim Unknown 0-0: Ball
1-0: Called Strike
1-1: Bunted foul
1-2: Fly out, F4 (Popup, 4MD)
Batting: SHB Todd Hill 0-0: Called Strike
0-1: Ball
1-1: Called Strike
1-2: Ball
2-2: Ball
3-2: Fly out, F5 (Popup, 5F)
Batting: LHB Eric Ward 0-0: Ball
1-0: Foul Ball, location: 2F
1-1: Ball
2-1: Ball
3-1: Base on Balls
Batting: RHB Cory Hansen 0-0: Ground out 5-3 (Groundball, 5S)
Bottom of the 3rd over - 0 run(s), 0 hit(s), 0 error(s), 1 left on base; Tortolita 0 - Tremont 1
TOP OF THE 4TH
Tortolita Drummers batting - Pitching for Tremont Doubledays : RHP Jim Unknown
Batting: RHB Ron Humboldt 0-0: Ball
1-0: Called Strike
1-1: Ball
2-1: Ball
3-1: Foul Ball, location: 2F
3-2: Ground out 6-3 (Groundball, 6)
Batting: LHB Keith Spear 0-0: Called Strike
0-1: Foul Ball, location: 2F
0-2: Foul Ball, location: 2F
0-2: Ball
1-2: Ball
2-2: Strikes out swinging
Batting: LHB Raúl Andrade 0-0: Ball
1-0: Ball
2-0: Fly out, F8 (Flyball, 8RXD)
Top of the 4th over - 0 run(s), 0 hit(s), 0 error(s), 0 left on base; Tortolita 0 - Tremont 1
BOTTOM OF THE 4TH
Tremont Doubledays batting - Pitching for Tortolita Drummers : RHP Curt Pennington
Batting: RHB Jim Unknown 0-0: Ball
1-0: Ground out 4-3 (Groundball, 4)
Batting: RHB Jim Unknown 0-0: Ground out 1-3 (Groundball, 15)
Batting: RHB Jim Unknown 0-0: Swinging Strike
0-1: Ball
1-1: Ground out 6-3 (Groundball, 6)
Bottom of the 4th over - 0 run(s), 0 hit(s), 0 error(s), 0 left on base; Tortolita 0 - Tremont 1
TOP OF THE 5TH
Tortolita Drummers batting - Pitching for Tremont Doubledays : RHP Jim Unknown
Batting: SHB Robby Day 0-0: Ball
1-0: Called Strike
1-1: Foul Ball, location: 2F
1-2: Ground out 1-3 (Groundball, 13)
Batting: SHB Omar Gutiérrez 0-0: Ground out 4-3 (Groundball, 4MS)
Batting: RHB Dan Lewis 0-0: Swinging Strike
0-1: Ball
1-1: Ball
2-1: Foul Ball, location: 2F
2-2: Foul Ball, location: 2F
2-2: Foul Ball, location: 2F
2-2: Ball
3-2: Foul Ball, location: 2F
3-2: Ground out 4-3 (Groundball, 4M)
Top of the 5th over - 0 run(s), 0 hit(s), 0 error(s), 0 left on base; Tortolita 0 - Tremont 1
BOTTOM OF THE 5TH
Tremont Doubledays batting - Pitching for Tortolita Drummers : RHP Curt Pennington
Batting: LHB Jim Unknown 0-0: Called Strike
0-1: Fly out, F7 (Flyball, 7M)
Batting: LHB Scott Britt 0-0: Called Strike
0-1: Ball
1-1: Ball
2-1: Ground out 3-1 (Groundball, 34)
Batting: RHB Jim Unknown 0-0: Ground out 5-3 (Groundball, 5)
Bottom of the 5th over - 0 run(s), 0 hit(s), 0 error(s), 0 left on base; Tortolita 0 - Tremont 1
TOP OF THE 6TH
Tortolita Drummers batting - Pitching for Tremont Doubledays : RHP Jim Unknown
Batting: RHB Robert Bailey 0-0: Foul Ball, location: 2F
0-1: Foul Ball, location: 2F
0-2: Ball
1-2: Ground out 5-3 (Groundball, 5S)
Batting: RHB Ray Whittier 0-0: Ball
1-0: Ball
2-0: Swinging Strike
2-1: Swinging Strike
2-2: DOUBLE (Flyball, 7D)
Batting: RHB Jim Harris 0-0: Ball
1-0: Foul Ball, location: 2F
1-1: Foul Ball, location: 2F
1-2: Fly out, F1 (Popup, 3S)
Batting: RHB Ron Humboldt 0-0: Ball
1-0: Ball
2-0: DOUBLE (Line Drive, 5D)
Ray Whittier scores
Batting: LHB Keith Spear 0-0: Ball
1-0: SINGLE (Groundball, 3D)
Ron Humboldt to third
Runner from 3rd tries for Home, SAFE, no throw or cutoff
Batting: LHB Raúl Andrade 0-0: Foul Ball, location: 2F
0-1: Swinging Strike
0-2: Foul Ball, location: 2F
0-2: Ball
1-2: Ball
2-2: Ground out 6-3 (Groundball, 6)
Top of the 6th over - 2 run(s), 3 hit(s), 0 error(s), 1 left on base; Tortolita 2 - Tremont 1
BOTTOM OF THE 6TH
Tremont Doubledays batting - Pitching for Tortolita Drummers : RHP Curt Pennington
Batting: SHB Todd Hill 0-0: Ball
1-0: Foul Ball, location: 2F
1-1: Ball
2-1: Ground out U3 (Groundball, 3S)
Batting: LHB Eric Ward 0-0: Foul Ball, location: 2F
0-1: Ball
1-1: Ball
2-1: Ground out 1-3 (Groundball, 13S)
Batting: RHB Cory Hansen 0-0: Ball
1-0: Swinging Strike
1-1: Ground out 5-3 (Groundball, 5)
Bottom of the 6th over - 0 run(s), 0 hit(s), 0 error(s), 0 left on base; Tortolita 2 - Tremont 1
TOP OF THE 7TH
Tortolita Drummers batting - Pitching for Tremont Doubledays : RHP Jim Unknown
Batting: SHB Robby Day 0-0: SINGLE (Groundball, 56D) (infield hit)
Batting: SHB Omar Gutiérrez 0-0: Fly out, F9 (Flyball, 9D)
Pinch Hitting: LHB Jim Unknown 0-0: Called Strike
0-1: Ball
1-1: Ball
2-1: Called Strike
2-2: Ball
3-2: Base on Balls
Robby Day to second
Pitching: RHP Jim Unknown
Pinch Hitting: LHB Jesse Taylor 0-0: Called Strike
0-1: Ball
1-1: Foul Ball, location: 2F
1-2: Foul Ball, location: 2F
1-2: SINGLE (Line Drive, 89S)
Robby Day to third
Jim Unknown to second
Pinch Hitting: RHB Richard Ollivier 0-0: Called Strike
0-1: Fly out, F8 (Flyball, 8RM)
Runner from 3rd tags up, SCORES, no throw
Batting: RHB Jim Harris 0-0: Foul Ball, location: 2F
0-1: Ground out 1-3 (Groundball, 13S)
Top of the 7th over - 1 run(s), 2 hit(s), 0 error(s), 2 left on base; Tortolita 3 - Tremont 1
BOTTOM OF THE 7TH
Tremont Doubledays batting - Pitching for Tortolita Drummers : RHP Curt Pennington
Now at 2B: David Cross
Now in LF: Jim Unknown
Now in RF: Jesse Taylor
Batting: RHB Jim Unknown 0-0: Called Strike
0-1: Ball
1-1: Fly out, F7 (Flyball, 7M)
Batting: RHB Jim Unknown 0-0: Called Strike
0-1: Ball
1-1: Ball
2-1: SINGLE (Line Drive, 4M)
Batting: RHB Jim Unknown 0-0: Ball
1-0: Ball
2-0: Called Strike
2-1: Swinging Strike
2-2: Strikes out swinging
Batting: LHB Jim Unknown 0-0: Called Strike
0-1: SINGLE (Groundball, 4MD)
Jim Unknown to second
Runner from 2nd tries for 3rd, OUT!
Bottom of the 7th over - 0 run(s), 2 hit(s), 0 error(s), 1 left on base; Tortolita 3 - Tremont 1
TOP OF THE 8TH
Tortolita Drummers batting - Pitching for Tremont Doubledays : RHP Jim Unknown
Batting: RHB Ron Humboldt 0-0: Ball
1-0: SINGLE (Flyball, 8RS)
Batting: LHB Keith Spear 0-0: Ball
1-0: Ball
2-0: Called Strike
2-1: Ball
3-1: Foul Ball, location: 2F
3-2: Strikes out looking
Batting: LHB Raúl Andrade 0-0: Ball
1-0: Ball
2-0: Ball
Wild Pitch!
Ron Humboldt to second
3-0: Called Strike
3-1: Base on Balls
Batting: SHB Robby Day 0-0: Called Strike
0-1: Grounds into double play, 4-6-3 (Groundball, 4)
Top of the 8th over - 0 run(s), 1 hit(s), 0 error(s), 1 left on base; Tortolita 3 - Tremont 1
BOTTOM OF THE 8TH
Tremont Doubledays batting - Pitching for Tortolita Drummers : RHP Curt Pennington
Batting: LHB Scott Britt 0-0: Ground out 4-3 (Groundball, 4)
Batting: RHB Jim Unknown 0-0: Called Strike
0-1: Swinging Strike
0-2: Ball
1-2: Ball
2-2: Ground out 4-3 (Groundball, 4S)
Batting: SHB Todd Hill 0-0: Ground out 4-3 (Groundball, 4)
Bottom of the 8th over - 0 run(s), 0 hit(s), 0 error(s), 0 left on base; Tortolita 3 - Tremont 1
TOP OF THE 9TH
Tortolita Drummers batting - Pitching for Tremont Doubledays : RHP Jim Unknown
Pitching: LHP Jim Unknown
Batting: SHB Omar Gutiérrez 0-0: Ball
1-0: Called Strike
1-1: Ground out 6-3 (Groundball, 6)
Batting: LHB Jim Unknown 0-0: Called Strike
0-1: Swinging Strike
0-2: Ball
1-2: Ball
2-2: Foul Ball, location: 2F
2-2: Ball
3-2: Strikes out swinging
Batting: LHB Jesse Taylor 0-0: Foul Ball, location: 2F
0-1: Ball
1-1: Ball
2-1: Ball
3-1: Base on Balls
Batting: RHB Hunter Curtis 0-0: Ball
1-0: Called Strike
1-1: SINGLE (Flyball, 8LS)
Jesse Taylor to second
Batting: RHB Jim Harris 0-0: Called Strike
0-1: Called Strike
0-2: Foul Ball, location: 2F
0-2: Ball
1-2: Ball
2-2: Ground out 5-3 (Groundball, 5)
Top of the 9th over - 0 run(s), 1 hit(s), 0 error(s), 2 left on base; Tortolita 3 - Tremont 1
BOTTOM OF THE 9TH
Tremont Doubledays batting - Pitching for Tortolita Drummers : RHP Curt Pennington
Now at 2B: Hunter Curtis
Batting: LHB Eric Ward 0-0: Ball
1-0: Fly out, F2 (Popup, 2LF)
Pitching: LHP Parker Cooke
Batting: RHB Cory Hansen 0-0: SINGLE (Flyball, 7S)
Batting: RHB Jim Unknown 0-0: Ball
1-0: Ball
2-0: Swinging Strike
2-1: Foul Ball, location: 2F
2-2: Ball
3-2: SINGLE (Groundball, 6M)
Cory Hansen to second
Pinch Hitting: RHB Jim Unknown 0-0: Ball
1-0: Ball
2-0: Called Strike
2-1: Ball
3-1: DOUBLE (Flyball, 78M)
Cory Hansen scores
Jim Unknown to third
Batting: RHB Jim Unknown 0-0: Fly out, F9 (Flyball, 9D)
Runner from 3rd tags up, SCORES, no throw
Batting: LHB Jim Unknown 0-0: Called Strike
0-1: Fly out, F2 (Popup, 2LF)
Bottom of the 9th over - 2 run(s), 3 hit(s), 0 error(s), 1 left on base; Tortolita 3 - Tremont 3
TOP OF THE 10TH
Tortolita Drummers batting - Pitching for Tremont Doubledays : LHP Jim Unknown
Now at 2B: Jim Unknown
Batting: RHB Ron Humboldt 0-0: Called Strike
0-1: Ball
1-1: Foul Ball, location: 2F
1-2: Ball
2-2: Ball
3-2: Ground out 4-3 (Groundball, 4M)
Batting: LHB Keith Spear 0-0: Ground out U3 (Groundball, 3L)
Pinch Hitting: RHB Nick Reed 0-0: Called Strike
0-1: Ball
1-1: Ball
2-1: SINGLE (Line Drive, 89S)
Batting: SHB Robby Day 0-0: Ball
1-0: Called Strike
1-1: Ball
2-1: Swinging Strike
2-2: Foul Ball, location: 2F
2-2: Ball
3-2: Foul Ball, location: 2F
3-2: Base on Balls
Nick Reed to second
Batting: SHB Omar Gutiérrez 0-0: 3-RUN HOME RUN (Flyball, 78XD), Distance : 427 ft
Pitching: RHP Jim Unknown
Batting: LHB Jim Unknown 0-0: Called Strike
0-1: Foul Ball, location: 2F
0-2: Ball
1-2: Ball
2-2: Ball
3-2: Base on Balls
Batting: LHB Jesse Taylor 0-0: Called Strike
0-1: Ball
1-1: Called Strike
1-2: Strikes out swinging
Top of the 10th over - 3 run(s), 2 hit(s), 0 error(s), 1 left on base; Tortolita 6 - Tremont 3
BOTTOM OF THE 10TH
Tremont Doubledays batting - Pitching for Tortolita Drummers : LHP Parker Cooke
Now at C: Carlos Pérez
Batting: LHB Scott Britt 0-0: Ball
1-0: Foul Ball, location: 2F
1-1: Called Strike
1-2: Foul Ball, location: 2F
1-2: Ball
2-2: Strikes out swinging
Batting: RHB Jim Unknown 0-0: Ball
1-0: Called Strike
1-1: Swinging Strike
1-2: Ground out 4-3 (Groundball, 4M)
Batting: SHB Todd Hill 0-0: SINGLE (Groundball, 6MD)
Batting: LHB Eric Ward 0-0: Ball
1-0: Called Strike
1-1: Ball
2-1: Foul Ball, location: 2F
2-2: Ground out 4-3 (Groundball, 4)
Bottom of the 10th over - 0 run(s), 1 hit(s), 0 error(s), 1 left on base; Tortolita 6 - Tremont 3
This league is powered by Out of the Park Baseball, the baseball management simulation game for PC, Mac and Linux
Friday, January 22nd, 2016 - OOTP Baseball 16.9 Build 39